 Dungeon Crawl Stone Soup version 0.21.1-1-g345015f (webtiles) character file.

61 shakethe the Skirmisher (level 3, -1/30 HPs)
             Began as a Demonspawn Fighter on Feb 21, 2018.
             Slain by a worm (7 damage)
             ... on level 1 of the Dungeon.
             The game lasted 00:01:41 (1136 turns).

shakethe the Skirmisher (Demonspawn Fighter)        Turns: 1136, Time: 00:01:42

Health: -1/30      AC:  6    Str: 16    XL:     3   Next: 83%
Magic:  3/3        EV:  8    Int: 10    God:
Gold:   69         SH:  8    Dex: 12    Spells: 2/2 levels left

rFire    + . .     SeeInvis .   a - +0 war axe
rCold    x . .     Gourm    .   c - +0 shield
rNeg     . . .     Faith    .   b - +0 scale mail
rPois    .         Spirit   .   (no helmet)
rElec    .         Reflect  .   (no cloak)
rCorr    .         Harm     .   (no gloves)
MR       .....                  (no boots)
Stlth    ..........             (no amulet)
HPRegen  0.10/turn              i - ring of fire {rF+, rC-}
MPRegen  0.08/turn              h - +2 ring of evasion

@: no status effects
A: hooves 1
a: no special abilities


You were on level 1 of the Dungeon.
You were hungry.

You visited 1 branch of the dungeon, and saw 2 of its levels.

You collected 69 gold pieces.

Inventory:

Hand Weapons
 a - a +0 war axe (weapon)
Armour
 b - a +0 scale mail (worn)
 c - a +0 shield (worn)
Jewellery
 h - a +2 ring of evasion (right hand)
   (You found it on level 1 of the Dungeon)
 i - a ring of fire (left hand) {rF+, rC-}
   (You found it on level 1 of the Dungeon)
Scrolls
 e - a scroll of blinking {unknown}
Potions
 d - a potion of might
Comestibles
 f - 4 rations


   Skills:
 + Level 3.7 Fighting
 + Level 2.6 Axes
 + Level 3.3 Armour
 - Level 2.6 Shields


You had 2 spell levels left.
You didn't know any spells.

Dungeon Overview and Level Annotations

Branches:
Dungeon (2/15)

Altars:

Annotations:
D:2 Sigmund, Terence


Innate Abilities, Weirdness & Mutations

You have large cloven feet.


Message History

You climb downwards.
A bat and Sigmund come into view.
Found 22 stones.
Found a stone staircase leading down.
There is a stone staircase leading up here.
You climb upwards.
There is a stone staircase leading down here.
There is a stone staircase leading down here.
You are feeling hungry.
There is a stone staircase leading down here.
You climb downwards.
Level annotation: Sigmund A quokka, 2 worms and 4 gnolls come into view.
The gnoll shouts! x4
The gnoll barely misses you.
Found a stone staircase leading up.
There is a stone staircase leading up here.
You hit the gnoll. The gnoll hits you with a club.
You block the gnoll's attack.
You take 2 damage, and have 27/29 hp.
You block the gnoll's attack. The gnoll hits you but does no damage.
You climb upwards.
There is a stone staircase leading down here.
You closely miss the gnoll. You kick the gnoll. You block the gnoll's attack.
The gnoll hits you but does no damage.
You hit the gnoll but do no damage. Your kick misses the gnoll.
You block the gnoll's attack.
You hit the gnoll. The gnoll hits you with a club. The gnoll barely misses you.
You take 6 damage, and have 22/29 hp.
MASSIVE DAMAGE!!
You barely miss the gnoll. Your kick misses the gnoll.
You block the gnoll's attack.
You hit the gnoll. You block the gnoll's attack.
You hit the gnoll.
You kill the gnoll!
Things that are here:
a club; a gnoll corpse
Things that are here:
a club; a gnoll corpse
There is a stone staircase leading down here.
There is a stone staircase leading down here.
You start resting.
Health restored: 29 You climb downwards.
Level annotation: Sigmund The adder hisses angrily.
The quokka bites you.
The gnoll hits you but does no damage. x2
You block the gnoll's attack. The worm closely misses you.
You block the worm's attack. You block the quokka's attack.
The gnoll hits you but does no damage. x3
A rat comes into view.
There is a stone staircase leading up here.
You take 3 damage, and have 26/29 hp.
The quokka bites you but does no damage.
You block the worm's attack. You block the gnoll's attack.
The gnoll hits you with an enchanted whip.
The worm bites you. The gnoll hits you.
You climb upwards.
There is a stone staircase leading down here.
You take 4 damage, and have 22/29 hp.
You block the gnoll's attack.
The gnoll hits you from afar with a spear.
The gnoll hits you. The worm barely misses you.
You take 10 damage, and have 12/29 hp.
MASSIVE DAMAGE!!
The quokka closely misses you.
There is an open door here.
The quokka completely misses you.
Your shield and scale mail prevent you from hitting the quokka.
You block the quokka's attack. x2
You hit the quokka.
You kill the quokka!
The gnoll hits you with an enchanted whip.
You take 1 damage, and have 12/29 hp.
You completely miss the gnoll. Your kick misses the gnoll.
The gnoll hits you but does no damage.
You slash the gnoll! Your kick misses the gnoll. You block the gnoll's attack.
The gnoll hits you with an enchanted whip.
You take 2 damage, and have 10/29 hp.
You hit the gnoll. You block the gnoll's attack.
You hit the gnoll.
You kill the gnoll!
You hit the gnoll but do no damage. You kick the gnoll.
The gnoll barely misses you. x2
You closely miss the gnoll. The gnoll closely misses you.
Your shield and scale mail prevent you from hitting the gnoll.
The gnoll closely misses you. x2
You slash the gnoll! The gnoll hits you.
You take 1 damage, and have 10/29 hp.
You hit the gnoll.
You kill the gnoll!
You barely miss the worm. Your kick misses the worm.
You block the gnoll's attack.
You hit the worm.
The gnoll hits you from afar with a spear.
* * * LOW HITPOINT WARNING * * *
The worm barely misses you.
You take 5 damage, and have 6/30 hp.
You hit the worm. You kick the worm. The gnoll closely misses you.
The worm bites you!
You die...

###### #....# #....## ###.....#
################## .)....#.#
#................. ###...#.#
#@##########..#### ..#...#.# #w#
#..#... #.#...#.#
###g##########..#'#. ........#
#..w...g#....#...... ......P.#
#.......ww...#......
.....P♣P######.>......)...#......
....P♣♣...........#.....###......
#'.P♣♣♣.................# #.###..
#...P♣♣...........#.....###.# #..


You could see 2 worms and a gnoll.

Vanquished Creatures
  3 gnolls (D:1)
  A leopard gecko (D:1)
  3 bats (D:1)
  A giant cockroach (D:1)
  6 goblins (D:1)
  6 hobgoblins (D:1)
  A quokka (D:1)
  A frilled lizard (D:1)
  3 kobolds (D:1)
  5 rats (D:1)
30 creatures vanquished.

Notes
Turn   | Place    | Note
-------+----------+-------------------------------------------
     0 | D:1      | shakethe the Demonspawn Fighter began the quest for the Orb.
     0 | D:1      | Reached XP level 1. HP: 18/18 MP: 1/1
   149 | D:1      | Reached skill level 2 in Axes
   222 | D:1      | Gained mutation: You have large cloven feet. [demonic ancestry]
   222 | D:1      | Reached XP level 2. HP: 22/24 MP: 2/2
   395 | D:1      | Reached skill level 3 in Armour
   807 | D:1      | Reached XP level 3. HP: 28/29 MP: 3/3
  1013 | D:2      | Noticed Sigmund
  1114 | D:2      | Noticed Terence
  1135 | D:1      | HP: 6/30 [gnoll/spear (5)]
  1136 | D:1      | Slain by a worm

Skill      XL: |  1  2 |
---------------+-------+-----
Axes           | 2 |  2.6
Armour         | 3 |  3.3
Fighting       | |  3.7
Shields        | |  2.6

Action                   || total
-------------------------++-------
Melee: War axe           ||    93
       Kick              ||    13
Armor: Scale mail        ||    43
Dodge: Dodged            ||    33
Block: Shield            ||    53

Vault maps used:
D:1:      dpeg_arrival_concentric_ovals, serial_forest,
          infiniplex_forest_straight_2, infiniplex_forest_lined_2,
          infiniplex_forest_lined_2, infiniplex_forest_lined_2,
          infiniplex_forest_corner_1, infiniplex_forest_lined_room_,
          infiniplex_forest_clump_long, minivault_14
D:2:      uniq_terence, uniq_sigmund, uniq_robin

Table legend:
 A = Turns spent in this place as a percentage of turns spent in the entire game.
 B = Non-inter-level travel turns spent in this place as a percentage of non-inter-level travel turns spent in the entire game.
 C = Inter-level travel turns spent in this place as a percentage of turns spent in this place.
 D = Turns resting spent in this place as a percentage of non-inter-level travel turns spent in this place.
 E = Turns spent auto-exploring this place as a percentage of non-inter-level travel turns spent in this place.
 F = Non-inter-level travel turns spent in this place divided by the number of levels of this place that you've seen.
                   A       B       C       D       E      F
               +-------+-------+-------+-------+-------+----------------------
         Total | 100.0 | 100.0 |   2.5 |   6.0 |  75.1 | 554.0
       Dungeon | 100.0 | 100.0 |   2.5 |   6.0 |  75.1 | 554.0
               +-------+-------+-------+-------+-------+----------------------

Table legend:
 A = Kills in this place as a percentage of kills in entire the game.
 B = Kills by you in this place as a percentage of kills by you in the entire game.
 C = Kills by friends in this place as a percentage of kills by friends in the entire game.
 D = Other kills in this place as a percentage of other kills in the entire game.
 E = Experience gained in this place as a percentage of experience gained in the entire game.
 F = Experience gained in this place divided by the number of levels of this place that you have seen.
                   A       B       C       D       E      F
               +-------+-------+-------+-------+-------+----------------------
         Total | 100.0 | 100.0 |   N/A |   N/A | 100.0 |  44.0
       Dungeon | 100.0 | 100.0 |   N/A |   N/A | 100.0 |  44.0
               +-------+-------+-------+-------+-------+----------------------
